 Dungeon Crawl Stone Soup version 0.32-a0-350-g4f4d228785 (webtiles) character file.

Game seed: 16394441946047525978

93 Strat the Slasher (level 4, -4/38 HPs)
             Began as a Draconian Monk on Feb 17, 2024.
             Splashed by a jelly's acid (8 damage)
             ... on level 4 of the Dungeon.
             The game lasted 00:02:19 (1720 turns).

Strat the Slasher (Draconian Monk)                  Turns: 1720, Time: 00:02:21

Health: -4/38      AC:  2    Str: 13    XL:     4   Next: 36%
Magic:  4/4        EV: 13    Int: 10    God:
Gold:   131        SH:  0    Dex: 16    Spells: 3/3 levels left

rFire   . . .        b - +2 short sword (elec)
rCold   . . .        c - orb {light}
rNeg    . . .        (body armour unavailable)
rPois   .            (helmet restricted)
rElec   .            (no cloak)
rCorr   .            z - +0 pair of gloves
SInv    .            (no boots)
Will    .....        (no amulet)
Stlth   +            (no ring)
HPRegen 0.26/turn    (no ring)
MPRegen 0.09/turn

%: no passive effects
@: corroded, glowing
A: AC +5, unfitting armour, cold-blooded
a: no special abilities


You were on level 4 of the Dungeon.
You visited 1 branch of the dungeon, and saw 4 of its levels.

You collected 131 gold pieces.

Inventory:

Hand Weapons
 a - a +0 falchion
 b - a +2 short sword of electrocution (weapon)
Missiles
 f - 3 poisoned darts (quivered)
Armour
 c - an orb of light (worn)
 x - a +0 buckler of cold resistance
 z - a +0 pair of gloves (worn)
Talismans
 y - a maw talisman
Scrolls
 h - a scroll of enchant armour {unknown}
 i - a scroll of revelation {unknown}
 k - a scroll of enchant weapon {unknown}
 l - a scroll of teleportation {unknown}
 n - 4 scrolls of identify {unknown}
 p - 2 scrolls of vulnerability {unknown}
 q - a scroll of blinking {unknown}
 s - a scroll of fear {unknown}
 t - a scroll of poison {unknown}
 u - a scroll of immolation {unknown}
 v - a scroll of summoning {unknown}
Potions
 d - 3 potions of attraction {unknown}
 e - a potion of curing {unknown}
 g - a potion of cancellation {unknown}
 j - a potion of ambrosia
 m - a potion of heal wounds {unknown}
 o - 2 potions of mutation {unknown}
 r - a potion of berserk rage {unknown}
 w - a potion of haste {unknown}


   Skills:
 - Level 3.2 Fighting
 + Level 5.2 Long Blades
 - Level 2.6 Dodging


You had 3 spell levels left.
You didn't know any spells.
Your spell library was empty.

Dungeon Overview and Level Annotations

Branches:
Dungeon (4/15)
 Temple: D:4-7

Altars:
Wu Jian


Innate Abilities, Weirdness & Mutations

Your plain brown scales are hard. (AC +5)
You cannot fit into any form of body armour.
You are cold-blooded and may be slowed by cold attacks.


Message History

There is a stone staircase leading up here.
You enter the shallow water.
Moving in this stuff is going to be slow.
You enter the shallow water.
Moving in this stuff is going to be slow.
You enter the shallow water.
Moving in this stuff is going to be slow.
Partly explored, can't reach some places.
Partly explored, can't reach some places.
There is a stone staircase leading down here.
You climb downwards.
There is a stone staircase leading up here.
You open the door.
A jelly comes into view.
The jelly quivers.
Found a ruby ring.
Found 8 gold pieces.
There is an open door here.
You hit the jelly.
Your hands burn!
The jelly is moderately wounded.
You puncture the jelly!
Your hands burn!
The jelly is severely wounded.
The jelly hits you. The acid corrodes you!
You are splashed with acid!
* * * LOW HITPOINT WARNING * * *
You are too injured to fight recklessly!
Unknown command.
You hit the jelly.
Your hands burn!
* * * LOW HITPOINT WARNING * * *
The jelly is almost dead.
The jelly hits you.
* * * LOW HITPOINT WARNING * * *
You are splashed with acid!
* * * LOW HITPOINT WARNING * * *
You hit the jelly but do no damage.
Your hands burn!
* * * LOW HITPOINT WARNING * * *
The jelly is almost dead.
The jelly hits you.
* * * LOW HITPOINT WARNING * * *
You are splashed with acid!
You die...

....#####.###########.
........#.............
.............<#######.
....................#
....###.##########...
.. #.# #.# ###'####...
#..@.$.....
#..J.......
#.=........
#..........
####..##... #.. ###
..# ###


You could see a jelly.

Vanquished Creatures
  An adder (D:3)
  A ribbon worm (D:3)
  2 dart slugs (D:1)
  3 bats (D:1)
  5 endoplasms
  A giant cockroach (D:1)
  6 goblins
  5 hobgoblins
  A kobold (D:1)
  6 quokkas
  2 ball pythons
  4 frilled lizards
  5 rats
42 creatures vanquished.

Notes
Turn   | Place    | Note
-------+----------+-------------------------------------------
     0 | D:1      | Strat the Draconian Monk began the quest for the Orb.
     0 | D:1      | Reached XP level 1. HP: 19/19 MP: 1/1
   125 | D:1      | Reached XP level 2. HP: 26/26 MP: 2/2
   299 | D:1      | Reached skill level 4 in Long Blades
   505 | D:1      | Reached XP level 3. HP: 31/31 MP: 3/3
  1158 | D:3      | Reached XP level 4. HP: 38/38 MP: 4/4
  1159 | D:3      | Found an ornate altar of the Wu Jian Council.
  1209 | D:3      | Reached skill level 5 in Long Blades
  1720 | D:4      | Splashed by a jelly's acid

Illustrated notes

Levels and vault maps discovered:
D:1:      matt_arrival_refuge, layout_basic
D:2:      layout_basic, corexii_corridor_pit, chequers_serial_rivers_micro_b,
          minmay_circle_x
D:3:      layout_rooms, nicolae_wu_jian_wuxing_cycle, hex_medium,
          chequers_serial_rivers_large_a
D:4:      layout_basic, grunt_ministairs_11, uniq_natasha, uniq_pikel

Skill      XL: |  1  2  3  4 |
---------------+-------------+-----
Long Blades    | 4 5 |  5.2
Fighting       | |  3.2
Dodging        | |  2.6

Action                     |  1- 3 |  4- 6 || total
---------------------------+-------+-------++-------
  Melee: Falchion          |    19 |       ||    19
         Tailslap          |     5 |     3 ||     8
         Short sword       |    51 |    23 ||    74
 Armour: Skin              |    30 |    10 ||    40
  Dodge: Dodged            |    41 |    11 ||    52

Table legend: (Time is in decaauts)
 A = Elapsed time spent in this place.
 B = Non-inter-level travel time spent in this place.
 C = Inter-level travel time spent in this place.
 D = Time resting spent in this place.
 E = Time spent auto-exploring this place.
 F = Levels seen in this place.
 G = Mean time per level.
                   A        B        C        D        E       F      G
               +--------+--------+--------+--------+--------+-----+--------+
         Total |   1730 |   1600 |    130 |      0 |   1324 |   4 |  432.5 |
       Dungeon |   1730 |   1600 |    130 |      0 |   1324 |   4 |  432.5 |
               +--------+--------+--------+--------+--------+-----+--------+

Top non-repeatable levels by time:
     D:1: 625 daAuts
     D:3: 568 daAuts
     D:2: 513 daAuts
     D:4: 22 daAuts
